 Dungeon Crawl Stone Soup version 0.24.0-13-gcf9b3192b9 (webtiles) character file.

Game seed: 5072460643002246026, levelgen mode: deterministic

31 Inarius the Skirmisher (level 3, 0/22 HPs)
             Began as a Deep Elf Abyssal Knight on Nov 7, 2019.
             Was a Follower of Lugonu.
             Slain by a hobgoblin
             ... wielding a +0 club
              (5 damage)
             ... on level 2 of the Dungeon.
             The game lasted 00:02:21 (2342 turns).

Inarius the Skirmisher (Deep Elf Abyssal Knight)    Turns: 2342, Time: 00:02:21

Health: 0/22       AC:  3    Str:  9    XL:     3   Next: 7%
Magic:  6/6        EV: 12    Int: 16    God:    Lugonu [*.....]
Gold:   42         SH:  0    Dex: 15    Spells: 2/2 levels left

rFire    . . .     SeeInvis .   a - +1 short sword
rCold    . . .     Gourm    .   (no shield)
rNeg     . . .     Faith    .   b - +0 leather armour
rPois    .         Spirit   .   (no helmet)
rElec    .         Reflect  .   (no cloak)
rCorr    .         Harm     .   (no gloves)
MR       .....                  (no boots)
Stlth    +.........             (no amulet)
HPRegen  0.07/turn              d - ring of flight
MPRegen  0.10/turn              (no ring)

@: about to teleport
A: no striking features
a: Depart the Abyss, Renounce Religion, Evoke Flight


You were on level 2 of the Dungeon.
You worshipped Lugonu.
Lugonu was aware of your devotion.
You were not hungry.

You visited 1 branch of the dungeon, and saw 2 of its levels.
You visited the Abyss 1 time.

You collected 42 gold pieces.

Inventory:

Hand Weapons
 a - a +1 short sword (weapon)
Armour
 b - a +0 leather armour (worn)
 e - a +0 ring mail
Jewellery
 d - a ring of flight (left hand)
Potions
 f - a potion of invisibility {unknown}
 h - a potion of magic {unknown}
 i - a potion of ambrosia {unknown}
 k - a potion of might {unknown}
Comestibles
 c - 2 rations


   Skills:
 + Level 2.9 Fighting
 * Level 2.4 Short Blades
 + Level 1.2 Armour
 + Level 2.5 Dodging
 * Level 0.7 Stealth
 + Level 2.0 Invocations


You had 2 spell levels left.
You didn't know any spells.
Your spell library was empty.

Dungeon Overview and Level Annotations

Branches:
Dungeon (2/15)

Altars:

Annotations:
D:1 Sigmund


Message History

You completely miss the hobgoblin.
The hobgoblin is lightly wounded.
The hobgoblin barely misses you.
You closely miss the hobgoblin.
The hobgoblin is lightly wounded.
The hobgoblin barely misses you.
You hit the hobgoblin but do no damage.
The hobgoblin is lightly wounded.
The hobgoblin hits you but does no damage.
You barely miss the hobgoblin.
The hobgoblin is lightly wounded.
The hobgoblin hits you with a +0 club.
* * * LOW HITPOINT WARNING * * *
There is a stone staircase leading up here.
As you read the scroll labeled BEAGGIH DEUDI, it crumbles to dust.
It is a scroll of identify.
l - a scroll of teleportation
As you read the scroll of teleportation, it crumbles to dust.
You feel strangely unstable. The hobgoblin hits you with a +0 club.
You die...

#### ####
#<.# ##.@#
#K..#
#.g.#
##..#
#w.##
##.....###
......w
....♣..
... ... ##
.$.. #...#


You could see a worm, a dart slug and a hobgoblin.

Vanquished Creatures
  A worm (D:2)
  2 ball pythons
  4 bats (D:1)
  A giant cockroach (D:1)
  5 goblins
  2 hobgoblins
  3 jackals (D:1)
  5 kobolds
  A rat (D:1)
24 creatures vanquished.

Notes
Turn   | Place    | Note
-------+----------+-------------------------------------------
     0 | Abyss:1  | Inarius the Deep Elf Abyssal Knight began the quest for the
                  | Orb.
     0 | Abyss:1  | Reached XP level 1. HP: 13/13 MP: 4/4
     1 | Abyss:1  | Found a corrupted altar of Lugonu.
    59 | Abyss:1  | Noticed an apocalypse crab
    65 | Abyss:1  | Noticed a small abomination
    78 | D:1      | Escaped the Abyss
   820 | D:1      | Reached XP level 2. HP: 16/18 MP: 5/5
  1106 | D:1      | Reached * piety under Lugonu
  1124 | D:1      | Reached skill level 1 in Armour
  2006 | D:2      | Noticed Sigmund
  2325 | D:2      | Reached XP level 3. HP: 13/22 MP: 6/6
  2342 | D:2      | Slain by a hobgoblin

Levels and vault maps discovered:
D:1:      denvon_arrival_waterhouse, layout_loops_ring, serial_co_window_serial,
          co_window_corner_a, co_window_corner_a, co_window_corner_a,
          co_window_cross_1, co_window_of_opportunity_a,
          co_window_of_opportunity_b, co_window_paths_c, co_window_broadway_b,
          co_window_cross_3, glass_columns_b, glass_columns_c, glass_columns_b,
          glass_columns_c
D:2:      lemuel_upstairs_altar, layout_basic,
          nicolae_ru_great_annihilating_truth, grunt_ministairs_6,
          minmay_quadrilaterals, uniq_sigmund

Skill      XL: |  1  2 |
---------------+-------+-----
Armour         | 1 |  1.2
Fighting       | |  2.9
Short Blades   | |  2.4
Dodging        | |  2.5
Stealth        | |  0.7
Invocations    | |  2.0

Action                   || total
-------------------------++-------
Melee: Short sword       ||   111
Invok: Depart the Abyss  ||     1
  Use: Scroll            ||     2
 Stab: Sleeping          ||     1
  Eat: Chunk             ||     4
Armor: Leather armour    ||    34
Dodge: Dodged            ||    75
